Cogmind - Beta 11.1 @@@ ROGUE MODE // 2022.09.28 @ 20:17:00 Player: DuckBoy Result: Destroyed by G-50 Soldier with Heavy Laser Performance ------------- Evolutions (3) 1500 Regions Visited (13) 2600 Robots Destroyed (171) 855 Value Destroyed (6134) 6134 Prototype IDs (37) 740 Alien Tech Used (1) 200 Bonus (2326) 2326 TOTAL SCORE: 14355 Bonus ------- High Alert Combat Kills 1010 Follower Combat Kills 106 Entered Garrisons 200 Used RIF Installer 500 Aligned with FarCom 300 Met Data Miner 300 Friendly Fire -90 Cogmind --------- Core Integrity 0/700 Matter 31/300 Energy 766/790 System Corruption 72% Temperature Cool (9) Movement Treading (480) Ox4 Location -6/Proximity Caves Parts ------- > --- POWER (1) -------- Reinforced Deuterium Engine > --- PROPULSION (2) --- Improved Medium Treads > --- UTILITY (8) ------ Advanced Heat Sink Improved Cooling System Huge Storage Unit Advanced Energy Well Improved Signal Interpreter Layered Medium Armor Plating Sensor Drone Bay (20/20) > --- WEAPON (2) ------- Heavy Plasma Cannon Heavy Plasma Cannon > --- INVENTORY (25) --- Reinforced Deuterium Engine Reinforced Deuterium Engine Reinforced Deuterium Engine Reinforced Deuterium Engine Reinforced Deuterium Engine Reinforced Deuterium Engine Neutrino Core Light Treads Improved Medium Treads Improved Medium Treads Makeshift Hacking Suite Arc Projector Arc Projector Beamcaster Plasma Cannon Heavy Ion Cannon Gauss Rifle Heavy Machine Gun KE Penetrator Magnetic Acceleration Cannon Improved Proton Missile Launcher Remote Datajack Powered Hammer Katana Peak State ------------ > --- POWER ------------ Reinforced Deuterium Engine > --- PROPULSION ------- Improved Medium Treads Improved Medium Treads > --- UTILITY ---------- Advanced Heat Sink Improved Cooling System Huge Storage Unit Advanced Energy Well Improved Signal Interpreter Improved Light Armor Plating Medium Reflective Plating Sensor Drone Bay > --- WEAPON ----------- Heavy Plasma Cannon Heavy Plasma Cannon > --- INVENTORY -------- Reinforced Deuterium Engine Reinforced Deuterium Engine Reinforced Deuterium Engine Reinforced Deuterium Engine Reinforced Deuterium Engine Reinforced Deuterium Engine Neutrino Core Improved Medium Treads Improved Medium Treads Layered Medium Armor Plating Makeshift Hacking Suite Arc Projector Arc Projector Beamcaster Plasma Cannon Heavy Ion Cannon Gauss Rifle Heavy Machine Gun Magnetic Acceleration Cannon Improved Proton Missile Launcher Remote Datajack Powered Hammer Katana [Rating: 70] Favorites ----------- Power Reinforced Deuterium Engine Engine Reinforced Deuterium Engine Power Core Neutrino Core Propulsion Improved Medium Treads Treads Improved Medium Treads Wheel Compact Wheel Hover Unit Aerolev Unit Utility Huge Storage Unit Device Improved Heat Sink Storage Huge Storage Unit Processor Signal Interpreter Hackware Hacking Suite Protection Improved Medium Armor Plating Weapon Heavy Plasma Cannon Energy Gun Improved Medium Laser Energy Cannon Heavy Plasma Cannon Ballistic Gun Gauss Rifle Ballistic Cannon Magnetic Acceleration Cannon Launcher Improved Proton Missile Launcher Special Weapon Remote Datajack Impact Weapon Powered Hammer Slashing Weapon Mining Claw Build | -11 -10 -10 -9 -9 -9 -8 -8 -8 -7 -7 -7 -7 -6 ------- Run | Scr Mat Min Mat Min Exi Min Mat Gar Fac Low Low Dat Pro Slots Evolved 6 | . . . 2 . . . 2 . 2 . . . . Power . | . . . . . . . . . . . . . . Propulsion . | . . . . . . . . . . . . . . Utility 6 | . . . 2 . . . 2 . 2 . . . . Weapon . | . . . . . . . . . . . . . . Parts Attached 204 | 5 11 13 15 1 . 2 3 71 45 6 6 1 25 Power 14 | 1 1 1 1 . . . . 7 . 1 1 . 1 Engine 13 | 1 1 1 1 . . . . 7 . 1 . . 1 Core 1 | . . . . . . . . . . . 1 . . Reactor . | . . . . . . . . . . . . . . Propulsion 46 | 2 5 4 5 . . 1 . 18 5 1 . 1 4 Treads 35 | 1 4 4 2 . . 1 . 13 5 1 . . 4 Leg . | . . . . . . . . . . . . . . Wheel 10 | 1 1 . 2 . . . . 5 . . . 1 . Hover 1 | . . . 1 . . . . . . . . . . Flight . | . . . . . . . . . . . . . . Utility 73 | . 5 4 6 1 . . 3 18 23 4 2 . 7 Device 28 | . 2 2 3 1 . . . 6 10 . 1 . 3 Storage 3 | . 2 . . . . . . . . . . . 1 Processor 4 | . . . 1 . . . 1 . 1 . 1 . . Hackware 5 | . . . . . . . . 1 4 . . . . Protection 33 | . 1 2 2 . . . 2 11 8 4 . . 3 Artifact . | . . . . . . . . . . . . . . Weapon 71 | 2 . 4 3 . . 1 . 28 17 . 3 . 13 Energy Gun 20 | 1 . 2 1 . . . . 10 . . 1 . 5 Energy Cannon 15 | . . 1 1 . . . . 3 5 . . . 5 Ballistic Gun 9 | 1 . . 1 . . 1 . 5 . . 1 . . Ballistic Cannon 1 | . . . . . . . . . . . . . 1 Launcher 9 | . . . . . . . . 4 2 . 1 . 2 Special Weapon 4 | . . . . . . . . . 4 . . . . Impact Weapon 12 | . . . . . . . . 6 6 . . . . Slashing Weapon 1 | . . 1 . . . . . . . . . . . Piercing Weapon . | . . . . . . . . . . . . . . Special Melee Weapon . | . . . . . . . . . . . . . . Unidentified Prototypes 5 | . . . 2 1 . . . . . 1 . . 1 Corrupted Parts 22 | . . . . . . . . 14 . 1 . . 7 System Corruption 124 | . . . . . . . . 74 . 10 . . 40 Parts Lost 74 | . 1 7 4 . . 1 2 22 15 9 . . 13 Power 8 | . 1 1 1 . . . 1 2 . 1 . . 1 Propulsion 17 | . . 3 . . . 1 . 5 4 1 . . 3 Utility 34 | . . . 2 . . . 1 8 10 6 . . 7 Weapon 15 | . . 3 1 . . . . 7 1 1 . . 2 Highest Loss Streak 11 | . 1 3 2 . . 1 2 11 4 3 . . 11 To Critical Strikes 1 | . . . . . . . . 1 . . . . . Average Slot Usage (%) 92 | . 98 95 84 100 100 100 89 96 94 84 82 76 88 Engine 8 | . 13 13 10 11 11 11 8 9 7 7 6 . 6 Treads 16 | . 23 27 17 11 11 11 9 16 14 14 15 7 14 Wheel 2 | . 4 . 4 11 11 11 9 1 . . . 7 . Device 16 | . 13 7 2 18 22 22 10 16 24 10 7 15 19 Storage 9 | . 13 14 11 11 11 11 9 9 7 7 7 7 13 Processor 7 | . . . 5 11 11 11 17 14 5 3 5 7 7 Hackware 1 | . . . . . . . . . 6 3 . . . Protection 10 | . . 1 9 3 . . 7 12 10 22 23 23 8 Energy Gun 5 | . 14 10 9 11 11 11 9 7 . . 3 . 1 Energy Cannon 6 | . . 10 6 . . . . 1 11 7 4 . 10 Ballistic Gun 4 | . 14 3 5 11 11 11 9 6 . . 2 . . Naked Turns . | . . . . . . . . . . . . . . Heaviest Build 145 | 7 94 93 93 104 104 105 105 129 143 136 134 123 145 Greatest Support 60 | 20 46 46 43 16 16 16 16 60 60 60 50 10 60 Greatest Overweight (x) 13 | . 8 2 5 6 6 6 6 6 5 4 2 12 13 Average Overweight (x) 2 | . 1 1 4 5 6 6 5 2 2 1 2 12 2 Largest Inventory Capacity 25 | 5 25 25 25 25 25 25 25 25 25 25 25 25 25 Average Capacity 24 | 5 21 25 25 25 25 25 25 25 25 25 25 25 25 Most Carried 25 | 3 25 25 25 25 25 25 25 25 25 20 25 25 25 Average Carried 22 | 2 17 24 24 25 24 24 24 23 23 17 21 25 23 Final Capacity 25 | 5 25 25 25 25 25 25 25 25 25 25 25 25 25 Final Carried 25 | 3 25 25 25 25 25 25 25 25 17 18 25 25 24 Class Distribution -------------------- 75% | Scavenger-Mutant 23% | Mutant Dominant Class ---------------- Mutant | -10/Materials Mutant | -10/Mines Mutant | -9/Materials Scavenger-Mutant | -9/Mines Scavenger-Mutant | -9/Exiles Scavenger-Mutant | -8/Mines Scavenger-Mutant | -8/Materials Scavenger-Mutant | -8/Garrison Scavenger-Mutant | -7/Factory Scavenger-Mutant | -7/Lower Caves Scavenger-Mutant | -7/Lower Caves Scavenger-Mutant | -7/Data Miner Scavenger-Mutant | -6/Proximity Caves Resources | -11 -10 -10 -9 -9 -9 -8 -8 -8 -7 -7 -7 -7 -6 ----------- Run | Scr Mat Min Mat Min Exi Min Mat Gar Fac Low Low Dat Pro Matter Collected 3904 | 250 468 170 263 10 . 67 156 1113 730 172 258 . 247 Remotely 10 | . . 10 . . . . . . . . . . . Salvage Created 7039 | . 610 221 588 . . 99 200 1275 2926 434 218 . 468 Parts 381 | . 37 6 40 . . 8 16 86 127 20 17 . 24 Haulers Intercepted 6 | . 2 . 2 . . . 1 . 1 . . . . Recyclers Shooed 3 | . . 1 . . . . 1 . 1 . . . . Parts Field Recycled . | . . . . . . . . . . . . . . Retrieved Matter . | . . . . . . . . . . . . . . Parts Self-Destructed 33 | . . . . . . . . . . 13 11 . 9 Prevented 20 | . . . . . . . . . . 5 3 . 12 Kills | -11 -10 -10 -9 -9 -9 -8 -8 -8 -7 -7 -7 -7 -6 ------- Run | Scr Mat Min Mat Min Exi Min Mat Gar Fac Low Low Dat Pro Combat Hostiles Destroyed 144 | . 12 10 9 . . 4 6 32 45 9 8 . 9 Melee 2 | . . 2 . . . . . . . . . . . Guns 62 | . 12 3 6 . . 4 6 27 . . 4 . . Cannons 54 | . . 5 3 . . . . . 35 6 1 . 4 AOE 18 | . . . . . . . . 2 6 3 3 . 4 Classes Destroyed 17 | . 8 2 2 . . 1 . 1 3 . . . . Worker 6 | . 1 1 . . . . . . 4 . . . . Builder 6 | . . . 1 . . . . . 5 . . . . Tunneler 1 | . 1 . . . . . . . . . . . . Hauler 6 | . 2 . 2 . . . 1 . 1 . . . . Recycler 5 | . 1 . 1 . . . . . 3 . . . . Operator 3 | . 1 . . . . . 1 . 1 . . . . Watcher 9 | . 2 . 1 . . . 1 . 5 . . . . Swarmer 46 | . 6 . 3 . . 3 6 10 3 3 8 . 4 Grunt 54 | . 6 2 4 . . . . 9 26 5 . . 2 Brawler 8 | . . . . . . . . . 5 1 . . 2 Duelist 1 | . . . . . . . . . 1 . . . . Sentry 13 | . . . 2 . . . . 9 2 . . . . Demolisher 1 | . . 1 . . . . . . . . . . . Hunter 4 | . . . . . . 1 . 2 1 . . . . Programmer 7 | . . . . . . . . . 7 . . . . Behemoth 3 | . . . . . . . . 2 . . . . 1 Assembled 7 | . . 7 . . . . . . . . . . . Best Kill Streak 6 | . 5 4 5 . . 3 3 5 6 3 4 . 4 Combat Bots Only 5 | . 4 4 3 . . 3 3 5 4 3 4 . 4 Max Kills in Single Turn 5 | . 2 1 1 . . 1 2 2 5 1 2 . 3 Gunslinging 1 | . 1 . . . . . . 1 . . . . . Exploded 3 | . . . . . . . . 1 2 1 2 . 3 Melee 1 | . . 1 . . . . . . . . . . . Uniques/NPCs Destroyed . | . . . . . . . . . . . . . . Combat | -11 -10 -10 -9 -9 -9 -8 -8 -8 -7 -7 -7 -7 -6 -------- Run | Scr Mat Min Mat Min Exi Min Mat Gar Fac Low Low Dat Pro Damage Taken 11295 | . 450 1133 350 . . 105 499 2948 2883 1045 388 . 1494 Core 1426 | . 19 140 13 . . 19 51 467 289 172 52 . 204 Absorbed by Shields 719 | . . . . . . . . 265 420 34 . . . Redirected to Shielding 553 | . . . 2 . . . . 200 147 135 20 . 49 Regen/Repaired (Parts) 155 | . . . . . . . 17 . 138 . . . . Core Remaining (%) 58 | 100 . 36 . . . 92 . 5 . . . . . Volleys Fired 585 | . 71 34 36 . . 13 40 151 158 24 11 . 47 Largest 2 | . 2 2 2 . . 2 2 2 2 2 2 . 2 Hottest 180 | . 70 100 100 . . 79 84 121 180 133 165 . 180 Shots Fired 931 | . 140 47 70 . . 17 47 255 224 28 24 . 79 Gun 555 | . 140 21 57 . . 17 47 224 . . 13 . 36 Cannon 319 | . . 26 13 . . . . 1 210 22 8 . 39 Launcher 53 | . . . . . . . . 30 10 6 3 . 4 Special 4 | . . . . . . . . . 4 . . . . Kinetic 279 | . 71 2 32 . . 13 34 122 . . 4 . 1 Thermal 519 | . 69 40 21 . . 4 13 84 210 22 17 . 39 Explosive . | . . . . . . . . . . . . . . Electromagnetic 129 | . . 5 17 . . . . 49 10 6 3 . 39 Robot Hit Streak 23 | . 15 6 23 . . 7 4 13 19 9 4 . 15 Robot Miss Streak 7 | . 5 3 2 . . 2 7 5 3 2 5 . 1 Penetration Max 1 | . . . . . . . 1 1 . . . . . Secondary Targets 7 | . 3 . 1 . . . . 3 . . . . . Max Gunslinging Chain 1 | . 1 . 1 . . . . 1 . . . . . Shots Hit Robots 616 | . 87 34 52 . . 13 18 170 162 18 7 . 55 Core Hits 316 | . 29 16 18 . . 5 9 107 91 13 10 . 18 Critical Kills 3 | . . . . . . . . 1 2 . . . . Critical Parts Destroyed 3 | . . . . . . 1 . . 2 . . . . Critical Strikes 19 | . 5 1 1 . . 2 1 5 4 . . . . Burn 13 | . 5 1 1 . . 1 1 4 . . . . . Meltdown 2 | . . . . . . . . . 2 . . . . Destroy 2 | . . . . . . 1 . 1 . . . . . Smash 2 | . . . . . . . . . 2 . . . . Melee Attacks 51 | . . 9 . . . . . 10 32 . . . . Impact 42 | . . . . . . . . 10 32 . . . . Slashing 9 | . . 9 . . . . . . . . . . . Piercing . | . . . . . . . . . . . . . . Sneak Attacks 1 | . . . . . . . . . 1 . . . . Combat Hostiles . | . . . . . . . . . . . . . . Follow-up Attacks . | . . . . . . . . . . . . . . Damage Inflicted 14189 | . 1108 617 800 . . 213 370 3034 6037 761 250 . 999 Guns 5284 | . 1108 169 606 . . 213 370 2501 . . 97 . 220 Cannons 5912 | . . 278 194 . . . . . 4224 515 32 . 669 Explosions 2408 | . . . . . . . . 533 1398 246 121 . 110 Melee 585 | . . 170 . . . . . . 415 . . . . Ramming . | . . . . . . . . . . . . . . Kinetic 2599 | . 569 22 402 . . 147 238 1166 . . 55 . . Thermal 8626 | . 539 400 245 . . 66 132 1192 4794 515 74 . 669 Explosive 149 | . . . . . . . . . 149 . . . . Electromagnetic 2230 | . . 25 153 . . . . 676 679 246 121 . 330 Impact 415 | . . . . . . . . . 415 . . . . Slashing 170 | . . 170 . . . . . . . . . . . Piercing . | . . . . . . . . . . . . . . Highest Corruption 74 | . . 8 . . . . . 74 15 31 31 31 72 Average Corruption 24 | . . 8 . . . . . 60 3 17 31 31 65 Corruption Purged 5 | . . . . . . . . . 5 . . . . Corruption Blocked . | . . . . . . . . . . . . . . Effects 379 | . . 33 . . . . . 32 53 81 55 9 116 Message Errors 93 | . . 7 . . . . . 10 16 17 15 2 26 Matter Fused 101 | . . 7 . . . . . 8 12 25 16 2 31 Heat Flow Errors 41 | . . 6 . . . . . 3 7 8 7 3 7 Energy Discharges 38 | . . 3 . . . . . 3 6 10 3 2 11 Parts Rejected 3 | . . . . . . . . . 1 1 . . 1 Data Loss (minor) 53 | . . 7 . . . . . 6 5 14 7 . 14 Data Loss (major) 16 | . . 2 . . . . . 1 1 4 4 . 4 Misfires 15 | . . 1 . . . . . 1 2 1 3 . 7 Alerts 3 | . . . . . . . . . 2 . . . 1 Misdirections 1 | . . . . . . . . . . . . . 1 Weapon Failures 15 | . . . . . . . . . 1 1 . . 13 Overload Shots . | . . . . . . . . . . . . . . Overflow Damage 340 | . . 22 . . . . . . 256 57 5 . . Projectiles 111 | . . . . . . . . . 75 36 . . . Explosions 40 | . . . . . . . . . 14 21 5 . . Melee 189 | . . 22 . . . . . . 167 . . . . Knockbacks 4 | . . . . . . . . . 4 . . . . Impact 4 | . . . . . . . . . 4 . . . . Kinetic . | . . . . . . . . . . . . . . Secondary . | . . . . . . . . . . . . . . Self-Inflicted Damage 366 | . . . . . . . . 40 134 155 . . 37 Shots 17 | . . . . . . . . 3 5 7 . . 2 Rammed . | . . . . . . . . . . . . . . Targets Rammed . | . . . . . . . . . . . . . . Kicked . | . . . . . . . . . . . . . . Crushed . | . . . . . . . . . . . . . . Highest Temperature 276 | . 138 217 150 . . 59 63 189 276 254 276 248 211 Average Temperature 66 | . 31 99 37 . . 31 24 28 85 96 119 127 79 Received Heat Transfer 3280 | . 138 715 147 . . . 243 726 726 180 . . 405 Effects 6 | . . 1 . . . . . . . . 4 . 1 Energy Bleed 1 | . . 1 . . . . . . . . . . . Interference 5 | . . . . . . . . . . . 4 . 1 Siege Activations . | . . . . . . . . . . . . . . Robots Corrupted 4 | . . . . . . . . 3 . . . . 1 Combat Hostiles 4 | . . . . . . . . 3 . . . . 1 Parts Fried 21 | . . . . . . . 1 4 13 . . . 3 Impact Corruptions 7 | . . . . . . . . . 7 . . . . Robots Melted 2 | . . . . . . . . . 2 . . . . Combat Hostiles 2 | . . . . . . . . . 2 . . . . Parts Melted 24 | . 1 . . . . 1 . 4 17 1 . . . Heat Transferred 14545 | . 1998 1036 592 . . 222 370 1716 6637 800 124 . 1050 Parts Sabotaged . | . . . . . . . . . . . . . . Parts Stolen . | . . . . . . . . . . . . . . Parts Stripped . | . . . . . . . . . . . . . . Power Chain Reactions 3 | . . . . . . . . 1 . 1 1 . . Missiles Intercepted . | . . . . . . . . . . . . . . Alert | -11 -10 -10 -9 -9 -9 -8 -8 -8 -7 -7 -7 -7 -6 ------- Run | Scr Mat Min Mat Min Exi Min Mat Gar Fac Low Low Dat Pro Peak Influence 1148 | . 235 121 251 52 . 105 143 781 1148 . . . . Initial 409 | . . . . 52 . . . 49 409 . . . . Average 375 | . 77 23 54 27 . 75 77 528 642 . . . . Maximum Alert Level 4 | . 1 . 1 . . . . 3 4 . . . . Low Security (%) 42 | 100 85 100 94 100 . 100 100 14 . . . . . Level 1 12 | . 14 . 5 . . . . 20 16 . . . . Level 2 19 | . . . . . . . . 27 37 . . . . Level 3 24 | . . . . . . . . 38 43 . . . . Level 4 . | . . . . . . . . . 2 . . . . Level 5 . | . . . . . . . . . . . . . . High Security . | . . . . . . . . . . . . . . Max Security . | . . . . . . . . . . . . . . Squads Dispatched 20 | . 1 1 . . . . 1 . 17 . . . . Investigation 5 | . . . . . . . 1 . 4 . . . . Extermination 6 | . . . . . . . . . 6 . . . . Reinforcement 3 | . 1 . . . . . . . 2 . . . . Assault 6 | . . 1 . . . . . . 5 . . . . Garrison . | . . . . . . . . . . . . . . Intercept . | . . . . . . . . . . . . . . Searches Triggered . | . . . . . . . . . . . . . . Construction Impeded 1 | . . . . . . . . . 1 . . . . Haulers Reinforced . | . . . . . . . . . . . . . . Active Scanning Responses . | . . . . . . . . . . . . . . Cargo Convoy Interrupts . | . . . . . . . . . . . . . . Stealth | -11 -10 -10 -9 -9 -9 -8 -8 -8 -7 -7 -7 -7 -6 --------- Run | Scr Mat Min Mat Min Exi Min Mat Gar Fac Low Low Dat Pro Distress Signals 4 | . 1 . 2 . . . . . 1 . . . . Communications Jammed . | . . . . . . . . . . . . . . Distress Signals . | . . . . . . . . . . . . . . Times Spotted 229 | . 28 29 15 . . 3 18 39 69 9 8 . 11 Peak Tracking Total 9 | . 4 9 3 . . 3 5 4 5 3 4 . 4 Tactical Retreats 18 | . 1 4 1 . . . 2 5 5 . . . . Traps | -11 -10 -10 -9 -9 -9 -8 -8 -8 -7 -7 -7 -7 -6 ------- Run | Scr Mat Min Mat Min Exi Min Mat Gar Fac Low Low Dat Pro Traps Triggered 6 | . . . . . . . . 5 1 . . . . Indirectly . | . . . . . . . . . . . . . . Trap Hack Attempts . | . . . . . . . . . . . . . . Triggered . | . . . . . . . . . . . . . . Disarmed . | . . . . . . . . . . . . . . Reprogrammed . | . . . . . . . . . . . . . . Reused . | . . . . . . . . . . . . . . Traps Extracted . | . . . . . . . . . . . . . . Installed . | . . . . . . . . . . . . . . Triggered 1 | . . . . . . . . . 1 . . . . Machines | -11 -10 -10 -9 -9 -9 -8 -8 -8 -7 -7 -7 -7 -6 ---------- Run | Scr Mat Min Mat Min Exi Min Mat Gar Fac Low Low Dat Pro Machines Disabled 19 | . 1 . 1 . . . 1 3 12 1 . . . Max in Single Turn 4 | . 1 . 1 . . . 1 1 4 1 . . . Garrison Access 1 | . . . . . . . . . 1 . . . . Garrison Relay 3 | . . . . . . . . 3 . . . . . Machines Sabotaged . | . . . . . . . . . . . . . . Garrisons Compromised . | . . . . . . . . . . . . . . Overloaded Fab Kills . | . . . . . . . . . . . . . . Hacking | -11 -10 -10 -9 -9 -9 -8 -8 -8 -7 -7 -7 -7 -6 --------- Run | Scr Mat Min Mat Min Exi Min Mat Gar Fac Low Low Dat Pro Machines Accessed 40 | . 4 . 3 1 1 . 7 . 19 1 . 4 . Terminals 19 | . 4 . 3 . . . 4 . 8 . . . . Fabricators 1 | . . . . . . . . . 1 . . . . Repair Stations 3 | . . . . . . . 1 . 2 . . . . Recycling Units 3 | . . . . . . . . . 3 . . . . Scanalyzers 5 | . . . . . . . 1 . 4 . . . . Garrison Access 2 | . . . . . . . 1 . 1 . . . . Total Hacks 136 | . 9 . 7 1 1 . 37 . 50 1 . 30 . Successful 91 | . 4 . 4 1 1 . 29 . 21 1 . 30 . Failed 45 | . 5 . 3 . . . 8 . 29 . . . . Catastrophic 8 | . . . 1 . . . 1 . 6 . . . . Database Lockouts . | . . . . . . . . . . . . . . Manual 55 | . 9 . 7 . 1 . 13 . 25 . . . . Terminals 53 | . 9 . 7 . . . 13 . 24 . . . . Fabricators 1 | . . . . . . . . . 1 . . . . Repair Stations 9 | . . . . . . . 2 . 7 . . . . Recycling Units 6 | . . . . . . . . . 6 . . . . Scanalyzers 29 | . . . . . . . 19 . 10 . . . . Garrison Access 5 | . . . . . . . 3 . 2 . . . . Terminal Hacks 41 | . 1 . 1 1 1 . 3 . 3 1 . 30 . Record 12 | . . . . . . . . . . 1 . 11 . Part Schematic 13 | . . . . . . . 3 . . . . 10 . Robot Schematic 6 | . . . . . . . . . . . . 6 . Prototype ID Bank 3 | . . . . . . . . . . . . 3 . Open Door 1 | . . . . 1 . . . . . . . . . Terminal Index 2 | . . . 1 . . . . . 1 . . . . Scanalyzer Index 1 | . . . . . . . . . 1 . . . . Unreport Threat 2 | . 1 . . . . . . . 1 . . . . EX-Prototype ID Bank 1 | . . . . . 1 . . . . . . . . Fabricator Hacks 1 | . . . . . . . . . 1 . . . . Network Status 1 | . . . . . . . . . 1 . . . . Repair Station Hacks 7 | . . . . . . . 2 . 5 . . . . Scan Component 4 | . . . . . . . 1 . 3 . . . . Repair 3 | . . . . . . . 1 . 2 . . . . Recycling Unit Hacks . | . . . . . . . . . . . . . . Scanalyzer 25 | . . . . . . . 19 . 6 . . . . Insert Component 12 | . . . . . . . 9 . 3 . . . . Analyze 13 | . . . . . . . 10 . 3 . . . . Garrison Access Hacks 3 | . . . . . . . 1 . 2 . . . . Unlock Access 1 | . . . . . . . 1 . . . . . . Seal Access 1 | . . . . . . . . . 1 . . . . Coupler Status 1 | . . . . . . . . . 1 . . . . Unauthorized Hacks 14 | . 3 . 3 . . . 4 . 4 . . . . Terminals 14 | . 3 . 3 . . . 4 . 4 . . . . Track 1 | . 1 . . . . . . . . . . . . Assimilate 3 | . . . 2 . . . . . 1 . . . . Botnet 6 | . 1 . 1 . . . 2 . 2 . . . . Operators 4 | . 1 . . . . . 2 . 1 . . . . Fabricators . | . . . . . . . . . . . . . . Repair Stations . | . . . . . . . . . . . . . . Recycling Units . | . . . . . . . . . . . . . . Scanalyzers . | . . . . . . . . . . . . . . Garrison Access . | . . . . . . . . . . . . . . Data Cores Recovered . | . . . . . . . . . . . . . . Used . | . . . . . . . . . . . . . . Hacking Detections 31 | . 4 . 3 . . . 7 . 17 . . . . Full Trace Events 5 | . 1 . . . . . 1 . 3 . . . . Feedback Events 1 | . . . . . . . . . 1 . . . . Hackware Fried 1 | . . . . . . . . . 1 . . . . Feedback Blocked . | . . . . . . . . . . . . . . Robot Schematics Acquired 6 | . . . . . . . . . . . . 6 . Robots Built . | . . . . . . . . . . . . . . Authchips . | . . . . . . . . . . . . . . Time . | . . . . . . . . . . . . . . Total Robot Build Rating . | . . . . . . . . . . . . . . Part Schematics Acquired 23 | . . . . . . . 11 . 2 . . 10 . Parts Built . | . . . . . . . . . . . . . . Authchips . | . . . . . . . . . . . . . . Time . | . . . . . . . . . . . . . . Total Part Build Rating . | . . . . . . . . . . . . . . Parts Repaired 3 | . . . . . . . 1 . 2 . . . . Time 126 | . . . . . . . 26 . 100 . . . . Parts Recycled . | . . . . . . . . . . . . . . Recycled Matter . | . . . . . . . . . . . . . . Retrieved Matter . | . . . . . . . . . . . . . . Retrieved Components . | . . . . . . . . . . . . . . Parts Scanalyzed 10 | . . . . . . . 8 . 2 . . . . Part Schematics Acquired 10 | . . . . . . . 8 . 2 . . . . Parts Damaged . | . . . . . . . . . . . . . . Bothacking | -11 -10 -10 -9 -9 -9 -8 -8 -8 -7 -7 -7 -7 -6 ------------ Run | Scr Mat Min Mat Min Exi Min Mat Gar Fac Low Low Dat Pro Used RIF Installer 1 | . . . . . . . . 1 . . . . . Robots Hacked 3 | . . . . . . . . . 3 . . . . Non-combat 3 | . . . . . . . . . 3 . . . . Combat . | . . . . . . . . . . . . . . Robot Hacks Applied 3 | . . . . . . . . . 3 . . . . find_chute 1 | . . . . . . . . . 1 . . . . ignore_repairs 2 | . . . . . . . . . 2 . . . . Relay Couplers Released 11 | . . . . . . . . 11 . . . . . Machine Destruction 11 | . . . . . . . . 11 . . . . . Attached 1 | . . . . . . . . 1 . . . . . Fabnet Peak Effective % . | . . . . . . . . . . . . . . Robots Rewired . | . . . . . . . . . . . . . . Allies Hacked . | . . . . . . . . . . . . . . Hacks Repelled . | . . . . . . . . . . . . . . Allies | -11 -10 -10 -9 -9 -9 -8 -8 -8 -7 -7 -7 -7 -6 -------- Run | Scr Mat Min Mat Min Exi Min Mat Gar Fac Low Low Dat Pro Total Allies 7 | . . 5 1 . . . . . . . . . 1 Largest Group 3 | . . 3 1 1 1 1 1 . . . . . 1 Highest-Rated Group 96 | . . 40 31 8 8 8 8 . . . . . 96 Highest-Rated Ally 96 | . . 31 31 8 8 8 8 . . . . . 96 Total Orders 29 | . . . . 1 . 2 2 . 1 . . . 23 STAY 7 | . . . . . . . 1 . . . . . 6 ROAM 3 | . . . . . . . . . . . . . 3 FOLLOW 1 | . . . . . . . 1 . . . . . . EXPLORE 15 | . . . . 1 . 1 . . 1 . . . 12 RETURN 3 | . . . . . . 1 . . . . . . 2 Ally Attacks 63 | . . 44 13 . . . . . . . . . 6 Total Damage 951 | . . 470 165 . . . . . . . . . 316 Kills 10 | . . 9 1 . . . . . . . . . . Allies Corrupted . | . . . . . . . . . . . . . . Allies Melted 1 | . . . . . . . . . . . . . 1 Intel | -11 -10 -10 -9 -9 -9 -8 -8 -8 -7 -7 -7 -7 -6 ------- Run | Scr Mat Min Mat Min Exi Min Mat Gar Fac Low Low Dat Pro Robot Analysis Total . | . . . . . . . . . . . . . . Derelict Logs Recovered 3 | . . 2 . 1 . . . . . . . . . Drone Launches 15 | . . . . 1 . 1 . . 1 . . . 12 Drone Recoveries 15 | . . . . 1 . 1 . . 1 . . . 12 Exploration | -11 -10 -10 -9 -9 -9 -8 -8 -8 -7 -7 -7 -7 -6 ------------- Run | Scr Mat Min Mat Min Exi Min Mat Gar Fac Low Low Dat Pro Turns Passed 22838 | 83 1669 1789 1204 762 424 478 954 4848 5633 2018 1028 202 1746 Spaces Moved 6957 | 47 601 558 337 350 222 162 412 1417 1417 657 307 78 392 Core 1 | 1 . . . . . . . . . . . . . Treads 5176 | 45 554 558 149 . . . . 1132 1417 657 307 . 357 Legs . | . . . . . . . . . . . . . . Wheels 1780 | 1 47 . 188 350 222 162 412 285 . . . 78 35 Hover . | . . . . . . . . . . . . . . Flight . | . . . . . . . . . . . . . . Fastest Speed 50 | 50 160 240 175 175 190 190 175 145 240 240 320 260 240 Average Speed 275 | 155 214 289 307 184 190 190 189 291 320 294 320 260 311 Slowest Speed 560 | 160 320 320 480 190 190 190 190 560 560 480 320 260 400 Overloaded Moves . | . . . . . . . . . . . . . . Propulsion Burnouts . | . . . . . . . . . . . . . . Robots Hopped . | . . . . . . . . . . . . . . Cave-ins Triggered 2 | . . . . . . . . . 2 . . . . Exploration Rate (%) 63 | 4 81 95 39 99 62 82 30 89 41 71 53 70 71 Regions Visited 13 Branch Regions 8 Pre-discovered Areas 2 | . . . . 1 . . . . . . . 1 . Known Exits Taken 7 | . . . 1 1 1 1 1 . . . 1 1 . Unknown Exits Taken 5 | 1 1 1 . . . . . . 1 1 . . . Scrap Searched 11 | . . 2 . 2 . 2 . . . 2 3 . . Spaces Dug 38 | . . . . . . . . 6 25 . . . 7 Terrain Destroyed 201 | . 13 . . . . . 1 8 145 9 8 . 17 Melee 25 | . . . . . . . . 6 19 . . . . Projectile 76 | . . . . . . . 1 1 47 4 6 . 17 AOE 99 | . 13 . . . . . . . 79 5 2 . . Terrain Rammed . | . . . . . . . . . . . . . . Walls Destroyed . | . . . . . . . . . . . . . . Machines Disabled . | . . . . . . . . . . . . . . Actions | -11 -10 -10 -9 -9 -9 -8 -8 -8 -7 -7 -7 -7 -6 --------- Run | Scr Mat Min Mat Min Exi Min Mat Gar Fac Low Low Dat Pro Total 9631 | 55 844 671 453 465 226 319 541 1888 2226 709 332 78 824 Wait 1607 | . 133 43 37 114 2 137 80 142 550 18 . . 351 Move 6943 | 46 600 557 336 349 221 161 411 1416 1415 656 306 77 392 Hop . | . . . . . . . . . . . . . . Pick Up 141 | 4 24 10 14 . 1 3 4 49 13 4 6 . 9 Fast Attach 51 | 4 4 1 6 1 . . 1 14 9 4 3 . 4 Attach 74 | 1 . 7 5 . . 1 2 26 17 3 1 . 11 Detach 9 | . . . . . . . 1 4 2 . 2 . . Swap 80 | . 7 5 4 . . 1 . 31 19 . 2 1 10 Drop 79 | . 5 5 15 1 2 3 2 37 8 . 1 . . Fire 585 | . 71 34 36 . . 13 40 151 158 24 11 . 47 Melee 51 | . . 9 . . . . . 10 32 . . . . Ram . | . . . . . . . . . . . . . . Kick . | . . . . . . . . . . . . . . Crush . | . . . . . . . . . . . . . . Escape Stasis 9 | . . . . . . . . 6 3 . . . . Rewire 2 | . . . . . . . . 2 . . . . . Trap . | . . . . . . . . . . . . . . Miscellaneous . | . . . . . . . . . . . . . . Route ------- -11/Scrapyard -10/Materials (discovered 3 exits: *Mat x2 / [*Min]) -10/Mines -9/Materials (discovered 3 exits: *Min x2 / *Sto) -9/Mines (discovered 3 exits: *Mat x2 / *Exi) -9/Exiles (discovered 2 exits: *Min x2) -8/Mines -8/Materials -8/Garrison (discovered 3 exits: *Fac x3) -7/Factory (discovered 3 exits: [*Fac x2] / *Low) -7/Lower Caves -7/Lower Caves -7/Data Miner -6/Proximity Caves History --------- Turn | Location | Event 24 | -11/Scrapyard | Discovered new exit (range 15) 84 | -11/Scrapyard | Entered Materials 315 | -10/Materials | Build established: Mutant 832 | -10/Materials | Discovered new exit (range 10) 1220 | -10/Materials | Discovered new exit (range 7) 1481 | -10/Materials | Discovered new exit (range 6) 1753 | -10/Materials | Entered Mines 1761 | -10/Mines | Assisted by bots powering up and referring to "LRC-V3" 1780 | -10/Mines | Learned Materials trap positions 2117 | -10/Mines | Assembled infested the area 2122 | -10/Mines | Assisted by a Guerilla fighting off Assembled 2250 | -10/Mines | Core integrity fell below 50% 2283 | -10/Mines | Lost 3 parts (1n2w) 2430 | -10/Mines | Received a Mining Laser from a helpful Derelict 2628 | -10/Mines | Received a Rocket Launcher from a helpful Derelict 3526 | -10/Mines | Discovered new exit (range 7) 3527 | -10/Mines | Met a Derelict testing a Signal Generator 3542 | -10/Mines | Entered Materials 3542 | -9/Materials | Accompanied by 1 ally 3542 | -9/Materials | Evolved 2 slots: Utility x2 3543 | -9/Materials | Identified exit to Mines 3544 | -9/Materials | Loaded intel: 12 trap records 4418 | -9/Materials | Discovered new exit (range 12) 4499 | -9/Materials | Identified exit to Storage 4642 | -9/Materials | Build established: Scavenger-Mutant 4746 | -9/Materials | Entered Mines 4746 | -9/Mines | Accompanied by 1 ally 4746 | -9/Mines | Discovered new exit (range 14) 4769 | -9/Mines | Identified exit to Materials 4808 | -9/Mines | Learned location of Zion (-6) 4949 | -9/Mines | Found the Drone Emporium 4957 | -9/Mines | Found Prototype Device 4957 | -9/Mines | Identified Sensor Drone Bay 5023 | -9/Mines | Discovered exit to Materials (range 42) 5496 | -9/Mines | Deemed a non-threat by the Exiles lab entrance 5496 | -9/Mines | Discovered new exit (range 5) 5502 | -9/Mines | Identified exit to Exiles 5508 | -9/Mines | Entered Exiles 5508 | -9/Exiles | Accompanied by 1 ally 5539 | -9/Exiles | Discovered new exit (range 15) 5556 | -9/Exiles | Met 8R-AWN 5586 | -9/Exiles | Met EX-HEX 5641 | -9/Exiles | Met EX-BIN 5668 | -9/Exiles | Aligned with FarCom system 5670 | -9/Exiles | Given EX-Vault access code 5717 | -9/Exiles | Opened EX-Vault 5728 | -9/Exiles | Found AWS/Thermal 5765 | -9/Exiles | Warned to stay clear of 0b10 Research branches 5820 | -9/Exiles | Met EX-DEC 5915 | -9/Exiles | Discovered new exit (range 10) 5928 | -9/Exiles | Identified exit to Mines 5932 | -9/Exiles | Left Exiles lab with AWS/Thermal 5932 | -9/Exiles | Entered Mines 5932 | -8/Mines | Accompanied by 1 ally 6111 | -8/Mines | Discovered exit to Materials (range 51) 6410 | -8/Mines | Entered Materials 6410 | -8/Materials | Accompanied by 1 ally 6410 | -8/Materials | Evolved 2 slots: Utility x2 6976 | -8/Materials | Repaired Com. Wheel 7345 | -8/Materials | Identified exit to Garrison 7364 | -8/Materials | Entered Garrison 7376 | -8/Garrison | Installed Relay Interface Framework 7786 | -8/Garrison | Triggered checkpoint 7884 | -8/Garrison | Build established: Mutant 7918 | -8/Garrison | Spotted B-75 Beast 7918 | -8/Garrison | Spotted B-75 Beast 8083 | -8/Garrison | Triggered checkpoint 8145 | -8/Garrison | Triggered checkpoint 8431 | -8/Garrison | Lost 3 parts (2n1w) 8446 | -8/Garrison | Discovered new exit (range 10) 8447 | -8/Garrison | Build established: Scavenger-Mutant 8458 | -8/Garrison | Identified exit to Factory 8564 | -8/Garrison | Triggered checkpoint 8694 | -8/Garrison | Garrison Relay disabled 9014 | -8/Garrison | Triggered checkpoint 9151 | -8/Garrison | Discovered exit to Factory (range 15) 9428 | -8/Garrison | Triggered checkpoint 9564 | -8/Garrison | Triggered checkpoint 9610 | -8/Garrison | Garrison Relay disabled 9727 | -8/Garrison | Discovered exit to Factory (range 8) 10038 | -8/Garrison | Triggered checkpoint 10121 | -8/Garrison | Garrison Relay disabled 10238 | -8/Garrison | Triggered checkpoint 11188 | -8/Garrison | Core integrity fell below 50% 11203 | -8/Garrison | Destroyed B-75 Beast 11231 | -8/Garrison | Core integrity fell below 20% 11273 | -8/Garrison | Lost 11 parts (1p1n5u4w) 11382 | -8/Garrison | Destroyed B-75 Beast 11435 | -8/Garrison | Build established: Mutant 11545 | -8/Garrison | System corruption reached 10% 11662 | -8/Garrison | System corruption reached 30% 11827 | -8/Garrison | Build established: Scavenger-Mutant 12212 | -8/Garrison | Entered Factory 12212 | -7/Factory | Evolved 2 slots: Utility x2 12526 | -7/Factory | Discovered new exit (range 80) 13293 | -7/Factory | Repaired Imp. Medium Treads? 13528 | -7/Factory | Repaired Hvy. Plasma Cannon 13699 | -7/Factory | Hacking Suite fried by hacking feedback 14007 | -7/Factory | Crushed by falling debris 14379 | -7/Factory | Discovered new exit (range 16) 16384 | -7/Factory | Discovered new exit (range 15) 17012 | -7/Factory | First assault squad dispatched 17388 | -7/Factory | Crushed by falling debris 17389 | -7/Factory | System corruption reached 10% 17419 | -7/Factory | Lost 4 parts (1n3u) 17845 | -7/Factory | Entered Lower Caves 18330 | -7/Lower Caves | Encountered a Warlord checkpoint 18968 | -7/Lower Caves | Lost 3 parts (2u1w) 19632 | -7/Lower Caves | Found Alien Artifact 19633 | -7/Lower Caves | Identified Dimensional Node Initializer 19633 | -7/Lower Caves | Initialized slip node 19698 | -7/Lower Caves | Core integrity fell below 50% 19728 | -7/Lower Caves | Lost 3 parts (1n2u) 19771 | -7/Lower Caves | Discovered new exit (range 16) 19863 | -7/Lower Caves | System corruption reached 30% 19863 | -7/Lower Caves | Entered another Lower Caves area 20873 | -7/Lower Caves | Discovered new exit (range 5) 20886 | -7/Lower Caves | Identified exit to Data Miner 20891 | -7/Lower Caves | Entered Data Miner 20893 | -7/Data Miner | Discovered new exit (range 6) 20942 | -7/Data Miner | Met Data Miner 21000 | -7/Data Miner | Learned location of Section 7 (-2) 21000 | -7/Data Miner | Acquired the access code to Warlord's prototype stash 21033 | -7/Data Miner | Received God Mode back door access code from Data Miner 21091 | -7/Data Miner | Identified exit to Proximity Caves 21093 | -7/Data Miner | Entered Proximity Caves 21178 | -6/Proximity Caves | Spotted B-75 Beast 21180 | -6/Proximity Caves | Escorted by Enhanced Grunt 21253 | -6/Proximity Caves | Core integrity fell below 20% 21267 | -6/Proximity Caves | Destroyed B-75 Beast 21292 | -6/Proximity Caves | Lost 11 parts (1p3n5u2w) 22839 | -6/Proximity Caves | Destroyed by G-50 Soldier with Heavy Laser Last Messages --------------- 22703_ NW< AMJYVRCRVSB:KHVBNG8VRG#UHIB%2< 22718_ System corrupted: Energy discharge (-252). 22733_ System corrupted: FCS attempts to trigger Hvy. Plasma Cannon. 22733_ System corrupted: Hvy. Plasma Cannon misfires. 22743_ Sensor Drone released from Sensor Drone Bay. 22748_ System corrupted: Matter fused (-5). 22765_ System corrupted: Substantial component data lost. 22783_ 4NUPTE Q#CAJ FP7XYLYXC=6FP>Y2A6SG RGLZAS 22783_ Sensor Drone retrieved by Sensor Drone Bay. 22798_ Q|77S3MDBMXILEM8I=S2/PE HFNS ZOP72 B 22813_ System corrupted: FCS attempts to trigger Hvy. Plasma Cannon. 22813_ System corrupted: Hvy. Plasma Cannon misfires. 22816_ Sensor Drone released from Sensor Drone Bay. 22820_ Sensor Drone retrieved by Sensor Drone Bay. 22822_ System corrupted: Hvy. Plasma Cannon failed to cycle. 22828_ B-48 Gladiator destroyed. 22829_ System corrupted: Imp. Medium Treads rejected. 22834_ System corrupted: Hvy. Plasma Cannon failed to cycle. 22835_ Imp. Light Armor Plating fries itself beyond repair. 22837_ System corrupted: Hvy. Plasma Cannon failed to cycle. Map ----- +----------------------------------------------------+ | ???????????# # ### ####???????????????? | | ??????????## # = # #?# ## ##??###?????????? | | ??????????# =%########?# # #?# ##??#####?? | | #?????????# =% #???????## ## #??# ??? | | ##??????### %##?###### ##?# ??? | | #?????## % #?# ### #??? | | #?????# #?# ### ## #??? | | #????## ### ##### # #??? | | ##???# ### ## ##?## ### ## #??? | | ##??# #### ##?## ###????## ###? | | #??## ### #??# #?????## ## | | ##???## ##?# #???### # | | ##?????## #?# #??## # | | ##???????# ### ### ##### | | ##??????# ####?# #### | | #?????# ##????## "### | | #?????# #??????## ## ### | | #????# ???????## ## ##?# | | #???? ????????## #### ## ##??? | | #??? #???####?### #?## ### ##???? | | #??## #?### ##??# #??# #?# #????? | | #???## #?# ##?# #??# #?# #????? | | ######### #?# ###### ##??# ### #????? | | #?# ##?# ###### ##???# #????? | | #??##?## ;;########?# $##???? | | """" #????## @#???## ### #???? | | """" ##???# =% #???# ##??? | | """" ##??# g =##???# ## #??? | | "" ##?## g##????## ### #??? | | "" #### #??????# ### ###??? | | """" ### ##?????# ##### ##????? | | "" ## ####### #???# ##?????? | | ## #???## ##??????? | | #### ## ## #????##????????? | | #### ########### ##??????????????? | | #?????????####;####" #???????????????? | | #######????????????##???## ##???????????????? | | ?????????????????????????## #####????????????????? | | ??????????????????????????###????????????????????? | | ?????????????????????????????????????????????????? | | ?????????????????????????????????????????????????? | | ?????????????????????????????????????????????????? | | ?????????????????????????????????????????????????? | | ?????????????????????????????????????????????????? | | ?????????????????????????????????????????????????? | | ?????????????????????????????????????????????????? | | ?????????????????????????????????????????????????? | | ?????????????????????????????????????????????????? | | ?????????????????????????????????????????????????? | | ?????????????????????????????????????????????????? | +----------------------------------------------------+ Best States ------------- Heat Dissipation 102 Energy Generation 19 Energy Capacity 790 Matter Stores 300 Matter Capacity 300 Sight Range 16 Robot Scan Range 14 Terrain Scan Range 14 Terrain Scan Density 110 EM Shielding 2 Armor Coverage 600 Resistance: KI 30 Resistance: TH 15 Resistance: EM 15 Core Shielding 20 Power Shielding 66 Propulsion Shielding 66 Evasion (%) 40 Core Analysis 6 Recoil Reduction 2 Offensive Hacking 20 Defensive Hacking 10 Item Schematics ----------------- System Shield | -8/Materials | Hacked Hacking Suite | -8/Materials | Scanalyzed Deuterium Engine | -8/Materials | Scanalyzed Rocket Launcher | -8/Materials | Scanalyzed EMP Blaster | -8/Materials | Scanalyzed Hrd. Medium Armor Plating | -8/Materials | Scanalyzed Hrd. Light Armor Plating | -8/Materials | Scanalyzed Com. Wheel | -8/Materials | Scanalyzed Imp. Treads | -8/Materials | Scanalyzed Huge Storage Unit | -8/Materials | Hacked Cargo Storage Unit | -8/Materials | Hacked Rnf. Deuterium Engine | -7/Factory | Scanalyzed Remote Datajack | -7/Factory | Scanalyzed Combat Drone Bay | -7/Data Miner | Free Lgt. Regenerative Plating | -7/Data Miner | Free Cld. Aerolev Unit | -7/Data Miner | Free Exp. Targeting Computer | -7/Data Miner | Free Antimatter Cannon | -7/Data Miner | Free Imp. Shock Absorption System | -7/Data Miner | Free Enh. Gauss Cannon | -7/Data Miner | Free Field Propulsion Drive | -7/Data Miner | Free Imp. Particle Charger | -7/Data Miner | Free Field Propulsion Array | -7/Data Miner | Free Robot Schematics ------------------ R-10 Processor | -7/Data Miner | Free M-14 Sweeper | -7/Data Miner | Free G-50 Soldier | -7/Data Miner | Free A-15 Conveyor | -7/Data Miner | Free L-41 Fighter | -7/Data Miner | Free X-62 Marksman | -7/Data Miner | Free Fabricated ------------ Nothing Alien Tech Used ----------------- Dimensional Node Initializer Achievements -------------- None Challenges ------------ None Game ------ Seed ThiefExplosiveRedistributor Manual? 0 Play Time 02:41:40 Cumulative 171.5 hours Start 2022.09.28 @ 17:30:12 End 2022.09.28 @ 20:17:00 Sessions 1 Manual Loads 0 Difficulty Rogue Special Mode None Game No. 134 Rogue 131 Adventurer 3 Explorer 0 Win Type - Total 1 Types 1/0/0/0/0/0/0/0/0 Lore% 57 Gallery% 60 Achievement% 50 Wizard Run 0 Options --------- ASCII 0 Keyboard 0 Movement Numpad Keybinds 0 Fullscreen 1 Font 18/SmallcapsGlow Map View 76x50 Tactical HUD 1 Map Filters NONE Filters NONE Steam 1 RUN: eb730c96-651c-47e7-be6f-91b4cba16add